 Dungeon Crawl Stone Soup version 0.31-a0-182-gc5ef74bbde (webtiles) character file.

Game seed: 15398408019331953206

691 qw the Chopper (level 7, -8/43 HPs)
             Began as a Gargoyle Fighter on June 21, 2023.
             Mangled by Duvessa
             ... wielding a +0 short sword
              (11 damage)
             ... on level 5 of the Dungeon.
             The game lasted 00:01:45 (3968 turns).

qw the Chopper (Gargoyle Fighter)                   Turns: 3968, Time: 00:01:46

Health: -8/43      AC: 13    Str: 22    XL:     7   Next: 63%
Magic:  7/7        EV: 13    Int:  8    God:
Gold:   239        SH:  4    Dex:  9    Spells: 6/6 levels left

rFire   . . .        Y - +0 war axe
rCold   . . .        c - +0 buckler
rNeg    + . .        f - +0 chain mail
rPois   inf          (no helmet)
rElec   +            (no cloak)
rCorr   .            (no gloves)
SInv    +            (no boots)
Will    .....        (no amulet) Stlth
                     g - +5 ring of evasion
HPRegen 0.27/turn    h - ring of see invisible
MPRegen 0.10/turn

%: no passive effects
@: no status effects
A: sickness immunity, AC +4, negative energy resistance 1, electricity
resistance, torment resistance 1, petrification resistance
a: no special abilities


You were on level 5 of the Dungeon.
You visited 2 branches of the dungeon, and saw 6 of its levels.

You collected 239 gold pieces.


Innate Abilities, Weirdness & Mutations

You are immune to sickness and miasma.
Your stone body is resilient. (AC +4)
You are immune to poison.
You resist negative energy. (rN+)
You are resistant to electric shocks. (rElec)
You are resistant to unholy torment.
You are immune to petrification.


   Skills:
 - Level 4.0 Fighting
 + Level 6.9 Axes
 - Level 3.2 Armour
 - Level 2.1 Dodging
 - Level 3.2 Shields


You had 6 spell levels left.
You didn't know any spells.
Your spell library was empty.

Inventory:

Hand Weapons
 b - a +0 flail
 Y - a +0 war axe (weapon)
Missiles
 m - 5 boomerangs (quivered)
Armour
 c - a +0 buckler (worn)
 e - the +0 robe of a sewer {Contam rPois rCorr}
   (You found it on level 3 of the Dungeon)

   rPois:     It protects you from poison.
   Contam:    It causes magical contamination when unequipped.
   rCorr:     It protects you from acid and corrosion.
 f - a +0 chain mail (worn)
 k - a +0 pair of boots
Jewellery
 g - a +5 ring of evasion (left hand)
 h - a ring of see invisible (right hand)
Scrolls
 a - 3 scrolls of identify
Potions
 d - 4 potions of might
 j - a potion of curing
 l - a potion of resistance
 n - a potion of cancellation {unknown}

Dungeon Overview and Level Annotations

Branches:
Dungeon (5/15)             Temple (1/1) D:5

Altars:
Cheibriados
Dithmenos
Fedhas
Hepliaklqana
Makhleb
Ru
Trog
Uskayaw
Wu Jian
Xom
Yredelemnul
Zin

Annotations:
D:5 Duvessa


Message History

Dowan hits you with a +0 dagger. Duvessa hits you but does no damage.
You slash Dowan!
You kill Dowan!
Duvessa screams, "No!
How DARE you!"
Duvessa goes berserk!
You closely miss Duvessa. Duvessa hits you with a +0 short sword!
You hit Duvessa.
Duvessa is lightly wounded.
Duvessa hits you with a +0 short sword. x2
3959 ||| DRINKING potion of heal wounds.
You feel much better.
Duvessa hits you with a +0 short sword! x2
You slash Duvessa!
Duvessa is lightly wounded.
You block Duvessa's attack.
You hit Duvessa but do no damage.
Duvessa is lightly wounded.
Duvessa hits you but does no damage. You block Duvessa's attack.
You hit Duvessa.
Duvessa is lightly wounded.
Duvessa hits you but does no damage. x2
You hit Duvessa.
Duvessa is moderately wounded.
Duvessa hits you but does no damage. Duvessa hits you with a +0 short sword.
You slash Duvessa!
Duvessa is heavily wounded.
Duvessa hits you with a +0 short sword. x2
You hit Duvessa but do no damage.
Duvessa is heavily wounded.
Duvessa closely misses you.
You slash Duvessa!
Duvessa is heavily wounded.
Duvessa hits you but does no damage. You block Duvessa's attack.
You hit Duvessa.
Duvessa is severely wounded.
Duvessa misses you. Duvessa hits you but does no damage.
You hit Duvessa.
Duvessa is severely wounded.
Duvessa hits you with a +0 short sword!
You die...

#...########.#
#...#.......%##
#...#........'.
#..:#........##
##.#####+###'##........#.
#......................#.
##............[....#.
#.............[...#.
#.)@.......#.....##.
#...e.>....#..##. #.
#..........# # #.
#..........# #.
#..........# #.
#.........$# #.
#.......... ##+#####... #


You could see Duvessa (berserk).

Vanquished Creatures
  An ogre (D:4)
  A phantom (D:4)
  Dowan (D:5)
  A howler monkey (D:4)
  A hound (D:5)
  2 orc priests
  A jelly (D:5)
  4 iguanas
  Terence (D:2)
  A sleepcap (D:5)
  7 gnolls
  2 white imps (D:5)
  An ufetubus (D:4)
  A dart slug (D:5)
  10 orcs
  10 endoplasms
  3 giant cockroaches
  3 goblins
  8 hobgoblins
  4 jackals
  A quokka (D:1)
  3 ball pythons
  5 bats
  5 frilled lizards
  A kobold (D:2)
  4 rats
82 creatures vanquished.

Vanquished Creatures (others)
  A hound (D:5)
1 creature vanquished.

Grand Total: 83 creatures vanquished

Notes
Turn   | Place    | Note
-------+----------+-------------------------------------------
     0 | D:1      | qw the Gargoyle Fighter began the quest for the Orb.
     0 | D:1      | Reached XP level 1. HP: 14/14 MP: 1/1
     0 | D:1      | 0 ||| qw: Version: 0.3-a-9-g12657ce
     0 | D:1      | 0 ||| qw: Game counter: 1533
     0 | D:1      | 0 ||| qw: Always use a shield: true
     0 | D:1      | 0 ||| qw: God list: Okawaru
     0 | D:1      | 0 ||| qw: Allow faded altars: false
     0 | D:1      | 0 ||| qw: Do Orc after D:15 true
     0 | D:1      | 0 ||| qw: Do second Lair branch before Depths: true
     0 | D:1      | 0 ||| qw: Lair rune preference: random
     0 | D:1      | 0 ||| qw: Plans: Normal, Zot:1-4, Slime:5, God:TSO, Crypt,
                  | Tomb, Abyss, Pan, Hells, Win
     0 | D:1      | 0 ||| PLANNING D:1-11
   110 | D:1      | Reached skill level 2 in Axes
   154 | D:1      | 154 ||| Stepping ~*~*~tactically~*~*~ (stealth).
   161 | D:1      | Reached XP level 2. HP: 19/19 MP: 2/2
   291 | D:1      | 291 ||| Stepping ~*~*~tactically~*~*~ (stealth).
   639 | D:1      | 639 ||| UPGRADING to +5 ring of evasion.
   640 | D:1      | 640 ||| READING 4 scrolls labelled GYEZIF UFETIUN.
   641 | D:1      | 641 ||| READING scroll labelled OMOXKUE CETOR.
   720 | D:2      | Reached skill level 3 in Axes
   750 | D:2      | Reached XP level 3. HP: 23/23 MP: 3/3
   966 | D:2      | Noticed Terence
   979 | D:2      | Killed Terence
  1015 | D:2      | Reached XP level 4. HP: 23/28 MP: 4/4
  1019 | D:2      | Reached skill level 4 in Axes
  1022 | D:2      | HP: 7/28 [gnoll/+2 heavy spear (6)]
  1258 | D:2      | Reached XP level 5. HP: 22/32 MP: 5/5
  1356 | D:2      | 1356 ||| DROPPING +0 club.
  1528 | D:2      | 1528 ||| READING scroll labelled POIDWIREPUD.
  1529 | D:2      | 1529 ||| READING 2 scrolls labelled REH IHITHINA.
  1533 | D:2      | 1533 ||| READING 4 scrolls of identify.
  1533 | D:2      | 1533 ||| IDENTIFYING dark potion
  1534 | D:2      | 1534 ||| READING 3 scrolls of identify.
  1534 | D:2      | 1534 ||| IDENTIFYING glowing grey potion
  1571 | D:3      | Identified the +0 robe of a sewer {Contam rPois rCorr}
  1833 | D:3      | Found a shadowy altar of Dithmenos.
  1927 | D:3      | Found a faded altar of an unknown god.
  1932 | D:3      | Found an ornate altar of the Wu Jian Council.
  2171 | D:3      | 2171 ||| READING scroll labelled HOMPIS SEMINIT.
  2172 | D:3      | 2172 ||| READING scroll labelled NUGADU BUATT.
  2273 | D:3      | 2273 ||| READING 4 scrolls of identify.
  2273 | D:3      | 2273 ||| IDENTIFYING fizzy ruby potion
  2322 | D:4      | Reached skill level 5 in Axes
  2425 | D:4      | 2425 ||| Stepping ~*~*~tactically~*~*~ (stealth).
  2430 | D:4      | 2430 ||| Stepping ~*~*~tactically~*~*~ (stealth).
  2432 | D:4      | 2432 ||| Stepping ~*~*~tactically~*~*~ (stealth).
  2434 | D:4      | 2434 ||| Stepping ~*~*~tactically~*~*~ (stealth).
  2478 | D:4      | Reached XP level 6. HP: 36/38 MP: 6/6
  2504 | D:4      | Found a hide-covered altar of Uskayaw.
  2504 | D:4      | Paralysed by a gnoll for 3 turns
  2507 | D:4      | HP: 9/38 [gnoll/+0 spear (2)]
  2508 | D:4      | 2508 ||| READING 2 scrolls of teleportation.
  2509 | D:4      | 2509 ||| DRINKING potion of heal wounds.
  2587 | D:4      | 2587 ||| Stepping ~*~*~tactically~*~*~ (stealth).
  2611 | D:4      | 2611 ||| Stepping ~*~*~tactically~*~*~ (stealth).
  2630 | D:4      | HP: 6/38 [frozen (5)]
  2631 | D:4      | 2631 ||| READING scroll of teleportation.
  2635 | D:4      | HP: 7/38 [iguana (1)]
  2640 | D:4      | HP: 6/38 [iguana (2)]
  2837 | D:4      | 2837 ||| Stepping ~*~*~tactically~*~*~ (stealth).
  2839 | D:4      | 2839 ||| Stepping ~*~*~tactically~*~*~ (hiding).
  2846 | D:4      | Paralysed by a gnoll for 2 turns
  3038 | D:4      | Reached XP level 7. HP: 40/43 MP: 7/7
  3085 | D:4      | 3085 ||| DROPPING +0 whip.
  3149 | D:4      | 3149 ||| UPGRADING to +0 chain mail.
  3159 | D:4      | 3159 ||| DROPPING +0 scale mail.
  3160 | D:4      | 3160 ||| READING 4 scrolls of identify.
  3160 | D:4      | 3160 ||| IDENTIFYING brown potion
  3161 | D:4      | 3161 ||| DROPPING potion of degeneration.
  3169 | D:4      | 3169 ||| STAIRDANCE
  3270 | D:4      | 3270 ||| STAIRDANCE
  3317 | D:5      | Entered Level 5 of the Dungeon
  3332 | D:5      | 3332 ||| DROPPING +0 mace.
  3404 | D:5      | Reached skill level 6 in Axes
  3501 | D:5      | Found a staircase to the Ecumenical Temple.
  3502 | D:5      | 3502 ||| PLANNING TEMPLE
  3502 | D:5      | 3502 ||| UPGRADING to ring of see invisible.
  3503 | D:5      | 3503 ||| READING scroll labelled WOMIACS LIOGA.
  3512 | Temple   | Entered the Ecumenical Temple
  3615 | Temple   | 3615 ||| PLANNING D:1-11
  3786 | D:5      | Found a glowing silver altar of Zin.
  3950 | D:5      | Noticed Dowan
  3950 | D:5      | Noticed Duvessa
  3957 | D:5      | Killed Dowan
  3958 | D:5      | HP: 9/43 [Duvessa/+0 short sword (5)]
  3959 | D:5      | 3959 ||| DRINKING potion of heal wounds.
  3963 | D:5      | HP: 9/43 [Duvessa/+0 short sword (3)]
  3964 | D:5      | HP: 4/43 [Duvessa/+0 short sword (5)]
  3964 | D:5      | HP: 1/43 [Duvessa/+0 short sword (3)]
  3968 | D:5      | Mangled by Duvessa

Levels and vault maps discovered:
D:1:      minmay_arrival_glassed_features, layout_loops_ring, dk_noncrumbling_4
D:2:      cheibrodos_pilgrimage, layout_loops_ring, minmay_misc_feat_doors,
          uniq_terence
D:3:      layout_basic, nicolae_dithmenos_the_darkroom,
          nicolae_overflow_ecumenical_swirl
D:4:      layout_loops_ring, eat_drink_and_be_merry_uskayaw
D:5:      layout_basic, mainiacjoe_overflow_chevrons,
          minmay_temple_entry_arrows, uniq_duvessa
Temple:   hellmonk_temple_beads

Skill      XL: |  1  2  3  4  5  6  7 |
---------------+----------------------+-----
Axes           | 2 3 4 5 6 |  6.9
Fighting       | 4 |  4.0
Dodging        | 2 |  2.1
Armour         | |  3.2
Shields        | |  3.2

Action                     |  1- 3 |  4- 6 |  7- 9 || total
---------------------------+-------+-------+-------++-------
  Melee: War axe           |    75 |   152 |    59 ||   286
  Throw: Boomerang         |       |       |     9 ||     9
    Use: Scroll            |     2 |     9 |     2 ||    13
         Potion            |       |     1 |     1 ||     2
 Armour: Scale mail        |    27 |    52 |       ||    79
         Chain mail        |       |       |    21 ||    21
  Dodge: Dodged            |    34 |   130 |    35 ||   199
  Block: Buckler           |     7 |    47 |    13 ||    67

Table legend:
 A = Non-vault XP
 B = Vault XP
 C = Vault XP percentage of total XP
 D = Non-vault monster count
 E = Vault monster count
 F = Vault count percentage of total count
                 A         B        C        D         E       F
            +---------+---------+-------+---------+---------+-------
      Total |     830 |     158 |  16.0 |      76 |       7 |   8.4
            +---------+---------+-------+---------+---------+-------
        D:1 |      29 |       0 |   0.0 |      18 |       0 |   0.0
        D:2 |      69 |      89 |  56.3 |      18 |       6 |  25.0
        D:3 |      12 |       0 |   0.0 |       8 |       0 |   0.0
        D:4 |     444 |       0 |   0.0 |      18 |       0 |   0.0
        D:5 |     276 |      69 |  20.0 |      14 |       1 |   6.7
            +---------+---------+-------+---------+---------+-------
